General information
- name: awesomefrank P:|| L:1
- type: Custom game
- host: awesomefrank
- saver: _NIKOLLAS_
map: GnollWood
- players: 6
- length: 17:01
- speed: Fast
- version: 1.23 W3XP
- replay type: Public
» download(123 KB)
Players
team 1 (winner)

»
awesomefrank (
purple | 105 APM | 1783 actions | 16:59)
5 Blademaster
2 Wind Walk
3 Critical Strike
3 Shadow Hunter
1 Hex
2 Healing Wave
» actions
| Assign group hotkey | 21 | |
| Basic commands | 267 | |
| Build / train | 53 | |
| ESC pressed | 1 | |
| Enter build submenu | 12 | |
| Enter hero's abilities submenu | 8 | |
| Give item / drop item | 3 | |
| Right click | 542 | |
| Select / deselect | 376 | |
| Select group hotkey | 436 | |
| Use ability | 64 | |
1783 total
» units
| Peon | 7 | |
| Grunt | 6 | |
| Raider | 6 | |
| Spirit Walker | 4 | |
23 total
» upgrades
| Spirit Walker Training | 1 | |
| Ensnare | 1 | |
| Armor | 1 | |
| Pillage | 1 | |
| Berserker Strength | 1 | |
| Melee Weapons | 1 | |
6 total
» buildings
| Altar of Storms | 1 | |
| Orc Burrow | 4 | |
| Barracks | 1 | |
| Voodoo Lounge | 1 | |
| Stronghold | 1 | |
| Beastiary | 1 | |
| War Mill | 1 | |
| Spirit Lodge | 1 | |
| Fortress | 2 | |
13 total
» build order
00:06 Altar of Storms
00:23 Orc Burrow
00:37 Barracks
01:30 Orc Burrow
02:10 Voodoo Lounge
02:35 Stronghold
06:03 Beastiary
06:18 Orc Burrow
06:41 War Mill
06:44 Spirit Lodge
11:54 Fortress
11:55 Fortress
13:26 Orc Burrow
» items
| Healing Salve | 2 | |
| Lesser Clarity Potion | 2 | |
| Scroll of Speed | 2 | |
| Boots of Speed | 1 | |
| Dust of Appearance | 1 | |
| Staff of Teleportation | 1 | |
| Potion of Healing | 1 | |
10 total

»
cubrick (
blue | 106 APM | 1796 actions | 16:59)
3 Demon Hunter
2 Mana Burn
1 Evasion
3 Warden
2 Shadow Strike
1 Blink
» actions
| Assign group hotkey | 37 | |
| Basic commands | 16 | |
| Build / train | 64 | |
| Enter build submenu | 16 | |
| Enter hero's abilities submenu | 6 | |
| Remove unit from queue | 1 | |
| Right click | 771 | |
| Select / deselect | 197 | |
| Select group hotkey | 610 | |
| Use ability | 78 | |
1796 total
» units
| Wisp | 12 | |
| Druid of the Claw | 5 | |
| Mountain Giant | 1 | |
18 total
» upgrades
| Druid of the Claw Training | 2 | |
| Mark of the Claw | 1 | |
| Hardened Skin | 1 | |
| Resistant Skin | 1 | |
| Well Spring | 1 | |
| Ultravision | 1 | |
7 total
» buildings
| Altar of Elders | 1 | |
| Moon Well | 7 | |
| Ancient of Wonders | 1 | |
| Tree of Ages | 3 | |
| Ancient of War | 1 | |
| Hunter's Hall | 1 | |
| Tree of Eternity | 3 | |
| Ancient of Lore | 2 | |
19 total
» build order
00:38 Altar of Elders
00:42 Moon Well
01:34 Ancient of Wonders
01:56 Moon Well
03:01 Tree of Ages
03:01 Tree of Ages
03:02 Tree of Ages
03:31 Ancient of War
05:33 Hunter's Hall
05:54 Moon Well
06:08 Tree of Eternity
06:08 Tree of Eternity
06:08 Tree of Eternity
06:43 Ancient of Lore
08:32 Ancient of Lore
08:57 Moon Well
09:02 Moon Well
11:26 Moon Well
12:07 Moon Well
» items
| Boots of Speed | 1 | |
| Staff of Teleportation | 1 | |
| Lesser Clarity Potion | 4 | |
| Scroll of Speed | 1 | |
| Healing Salve | 1 | |
| Moonstone | 1 | |
| Staff of Preservation | 2 | |
| Dust of Appearance | 1 | |
| Orb of Venom | 1 | |
13 total
_NIKOLLAS_ (
teal | 53 APM | 899 actions | 17:01)
4 Death Knight
2 Death Coil
2 Unholy Aura
3 Dreadlord
1 Sleep
2 Carrion Swarm
» actions
| Assign group hotkey | 9 | |
| Build / train | 38 | |
| Enter build submenu | 11 | |
| Enter hero's abilities submenu | 8 | |
| Right click | 372 | |
| Select / deselect | 185 | |
| Select group hotkey | 237 | |
| Use ability | 39 | |
899 total
» units
| Acolyte | 2 | |
| Ghoul | 4 | |
| Crypt Fiend | 11 | |
| Forest Troll Shadow Priest | 1 | |
18 total
» upgrades
| Creature Attack | 3 | |
| Creature Carapace | 3 | |
| Web | 1 | |
7 total
» buildings
| Altar of Darkness | 1 | |
| Ziggurat | 5 | |
| Crypt | 1 | |
| Graveyard | 1 | |
| Nerubian Tower | 1 | |
| Tomb of Relics | 1 | |
| Halls of the Dead | 1 | |
| Black Citadel | 1 | |
| Sacrificial Pit | 1 | |
| Boneyard | 1 | |
14 total
» build order
00:08 Altar of Darkness
00:10 Ziggurat
00:32 Crypt
01:02 Graveyard
01:15 Nerubian Tower
01:28 Tomb of Relics
02:05 Ziggurat
03:29 Halls of the Dead
05:30 Ziggurat
05:55 Black Citadel
07:58 Ziggurat
10:54 Ziggurat
11:53 Sacrificial Pit
13:39 Boneyard
» items
team 2 (loser)

»
DaMBcEMBPoT (
red | 52 APM | 493 actions | 09:33)
1 Archmage
1 Blizzard
» actions
| Assign group hotkey | 6 | |
| Build / train | 39 | |
| Enter build submenu | 14 | |
| Enter hero's abilities submenu | 1 | |
| Remove unit from queue | 7 | |
| Right click | 285 | |
| Select / deselect | 114 | |
| Select group hotkey | 7 | |
| Use ability | 20 | |
493 total
» units
| Peasant | 8 | |
| Footman | 6 | |
| Rifleman | 4 | |
| Priest | 4 | |
22 total
» upgrades
| Gunpowder | 2 | |
| Lumber Harvesting | 1 | |
| Swords | 1 | |
4 total
» buildings
| Altar of Kings | 1 | |
| Farm | 5 | |
| Barracks | 1 | |
| Blacksmith | 1 | |
| Lumber Mill | 1 | |
| Arcane Vault | 1 | |
| Keep | 1 | |
| Arcane Sanctum | 1 | |
| Scout Tower | 2 | |
| Guard Tower | 2 | |
16 total
» build order
00:06 Altar of Kings
00:08 Farm
00:11 Barracks
01:05 Farm
02:08 Blacksmith
02:27 Lumber Mill
02:37 Farm
03:17 Arcane Vault
04:08 Keep
05:26 Farm
06:20 Farm
06:31 Arcane Sanctum
07:15 Scout Tower
08:30 Guard Tower
08:34 Scout Tower
09:04 Guard Tower
» items
hsywcc (
light-blue | 35 APM | 602 actions | 16:59)
1 Death Knight
1 Death Coil
1 Lich
1 Frost Armor
» actions
| Assign group hotkey | 16 | |
| Basic commands | 18 | |
| Build / train | 38 | |
| Enter build submenu | 10 | |
| Enter hero's abilities submenu | 2 | |
| Right click | 239 | |
| Select / deselect | 118 | |
| Select group hotkey | 133 | |
| Use ability | 28 | |
602 total
» units
| Acolyte | 2 | |
| Ghoul | 5 | |
| Crypt Fiend | 16 | |
23 total
» buildings
| Crypt | 1 | |
| Altar of Darkness | 1 | |
| Ziggurat | 4 | |
| Graveyard | 1 | |
| Tomb of Relics | 2 | |
| Nerubian Tower | 1 | |
| Halls of the Dead | 1 | |
| Slaughterhouse | 1 | |
| Spirit Tower | 1 | |
13 total
» build order
00:06 Crypt
00:11 Altar of Darkness
00:34 Ziggurat
01:00 Graveyard
01:29 Tomb of Relics
01:32 Tomb of Relics
01:52 Ziggurat
03:03 Nerubian Tower
04:17 Halls of the Dead
05:08 Ziggurat
05:10 Ziggurat
07:14 Slaughterhouse
11:47 Spirit Tower
» items
| Rod of Necromancy | 5 | |
| Dust of Appearance | 1 | |
| Sacrificial Skull | 1 | |
| Potion of Healing | 1 | |
8 total
Kugla92 (
yellow | 13 APM | 223 actions | 16:59)
2 Blademaster
1 Wind Walk
1 Mirror Image
1 Tauren Chieftain
1 War Stomp
» actions
| Basic commands | 3 | |
| Build / train | 33 | |
| Enter build submenu | 20 | |
| Enter hero's abilities submenu | 3 | |
| Right click | 41 | |
| Select / deselect | 105 | |
| Use ability | 18 | |
223 total
» units
| Peon | 5 | |
| Grunt | 15 | |
| Troll Headhunter/Berserker | 4 | |
| Demolisher | 1 | |
25 total
» upgrades
| Melee Weapons | 1 | |
| Berserker Strength | 1 | |
2 total
» buildings
| Altar of Storms | 1 | |
| Orc Burrow | 6 | |
| War Mill | 1 | |
| Barracks | 1 | |
| Watch Tower | 4 | |
| Stronghold | 1 | |
14 total
» build order
00:19 Altar of Storms
00:25 Orc Burrow
01:10 War Mill
01:23 Orc Burrow
03:44 Barracks
03:56 Orc Burrow
05:10 Watch Tower
06:25 Watch Tower
07:33 Watch Tower
08:30 Stronghold
09:14 Orc Burrow
09:35 Watch Tower
10:48 Orc Burrow
12:07 Orc Burrow
Chat log
(00:21 / All) hsywcc: italy
(00:28 / All) cubrick: - -
(00:48 / All) cubrick: 那边好玩不?
(00:56 / All) hsywcc: 很热
(01:09 / All) cubrick: 玩WAR3的人多不£¿
(01:15 / All) hsywcc: 热的人出不去
(01:21 / All) cubrick:
(01:49 / All) cubrick: 你那边现在几点
(02:09 / All) hsywcc: xia wu 4 dian
(02:30 / All) cubrick: 晕我这边都23点了
(02:42 / All) hsywcc: na li ?
(02:50 / All) cubrick: 深圳
(08:06 / Allies) awesomefrank: wait
(08:07 / All) hsywcc: wo zhe huang de shi da cai niao!!!
(08:12 / All) hsywcc: 倒霉!!
(08:52 / All) hsywcc: 晕
(09:03 / All) hsywcc: 暴雪!!!
(09:13 / All) cubrick:
(09:33 / All) hsywcc: 你们有空去黄的哪里看看
(09:45 / All) cubrick: ?
(09:47 / Allies) cubrick:
(09:53 / All) hsywcc: 电脑版的
(10:02 / All) cubrick: 什么啊
(10:52 / All) cubrick: 看什么
(11:27 / All) hsywcc: 从开始到现在都没出过家
(11:32 / All) cubrick:
(11:35 / All) cubrick: suan le
(11:43 / All) cubrick: 别人菜嘛
(13:53 / All) cubrick:
(14:10 / All) hsywcc: 还在笑
(15:11 / All) cubrick: 你在那边做什么
(15:20 / All) hsywcc: 工作
(15:31 / All) cubrick: 这吊
(15:48 / All) hsywcc: 厉害吧
(15:49 / All) cubrick: 会说意语吗?
(16:06 / All) hsywcc: 一点
(16:34 / All) cubrick: 做什么工作
(16:55 / All) hsywcc: 厨子